Map: 宿怨战场-天梯版

Players

Bly

  • Race: Zerg Zerg

EnDerr - Winner!

  • Race: Zerg Zerg
  • League: Diamond

Event: WESG 2018 Grand Finals

VOD

Have the link to the VOD?

Description

Time

  • Played on: March 12, 2019, 2:17 a.m.
  • Length: 3:10

All games in this series

Show
View Real Time Build Order
Export as new Build Order

Bly Zerg 

Build Orders: Hatch First 

Get SALT Encoding   

  12  0:01  Drone  
  13  0:12  Overlord  
  13  0:18  Drone  
  14  0:31  Drone x2  
  16  0:49  Hatchery  
  15  0:53  Drone  
  16  1:05  Spawning Pool  
  16  1:09  Drone  
  16  1:13  Drone  
  16  1:18  Extractor  
  16  1:19  Drone  
  16  1:22  Drone  
  18  1:34  Drone  
  19  1:52  Zergling x2  
  19  1:53  Zergling x2  
  21  2:00  Queen  
  23  2:02  Zergling x2  
  24  2:10  Spine Crawler  
  24  2:11  Spine Crawler  
  22  2:20  Zergling x4  
  7  2:51  Zergling x2  
Show
View Real Time Build Order
Export as new Build Order

EnDerr Zerg - Winner!

Build Orders: Pool Only 

Get SALT Encoding   

  12  0:18  Spawning Pool  
  11  0:22  Drone  
  11  0:26  Drone  
  13  0:34  Drone  
  14  0:41  Overlord  
  14  1:06  Zergling x6  
  17  1:18  Zergling x2  
  18  1:28  Zergling x2  
  20  1:40  Zergling x2  
  20  1:49  Zergling x2  
  21  1:56  Spine Crawler  
  20  2:02  Spine Crawler  
  19  2:13  Zergling x2  
  19  2:27  Zergling x2  
  12  2:53  Zergling x2  
Tags
 
Add a new tag
Caveats
  • Supply blocks, unpowered buildings, or Contaminate may cause inaccurate times.
  • Supply counts are checked every 10 seconds.